[ AOE2 MATCH · #505662379 ]
UnrankedMagyars vs Persians
Player's team · LOSS
Rival team · WIN
[ REPLAY ANALYSIS · EXTRACTED FROM THE RECORDED GAME ]
Feudal
9:12
Castle
—
Imperial
—
| APM avg | 35.3 |
| APM peak | 71 |
| eAPM avg | 14.4 |
| Villagers / military | 19 / 0 |
Focus
⚔️ 14.0% · 🌾 86.0%
Feudal
—
Castle
—
Imperial
—
| APM avg | 23.4 |
| APM peak | 47 |
| eAPM avg | 10.3 |
| Villagers / military | 32 / 0 |
Focus
⚔️ 4.9% · 🌾 95.1%
Match map
Initial resources + every placement click. Lines = walls · curves = elevation contours. ◆ gold · ⬟ stone · ● berries · ✦ relic · ◌ wall gap
Your base· Open — unwalled flank
xavido's base· Open — unwalled flank
Smoothed initial terrain · ◌ = detected wall gap · hover for details
Inputs per minute
— MrFena - - xavido
Build order — MrFena
32 actions detected in the replay
| 0:00 | Queue | Villager (Male) |
| 0:00 | Queue | Villager (Male) |
| 0:01 | Queue | Villager (Male) |
| 0:02 | Build | House |
| 0:03 | Build | House |
| 0:27 | Queue | Villager (Male) |
| 1:38 | Queue | Villager (Male) |
| 2:09 | Queue | Villager (Male) |
| 2:15 | Build | Lumber Camp |
| 2:31 | Queue | Villager (Male) |
| 3:04 | Queue | Villager (Male) |
| 3:05 | Queue | Villager (Male) |
| 3:11 | Build | House |
| 3:29 | Queue | Villager (Male) |
| 3:29 | Queue | Villager (Male) |
| 4:44 | Queue | Villager (Male) |
| 4:45 | Queue | Villager (Male) |
| 4:53 | Build | Mill |
| 5:21 | Build | Mill |
| 5:32 | Queue | Villager (Male) |
| 5:39 | Queue | Villager (Male) |
| 6:31 | Research | Loom |
| 7:02 | Research | Feudal Age |
| 8:25 | Build | Lumber Camp |
| 9:05 | Queue | Villager (Male) |
| 9:06 | Queue | Villager (Male) |
| 9:06 | Queue | Villager (Male) |
| 9:06 | Queue | Villager (Male) |
| 9:12 | Age | Feudal Age |
| 10:44 | Build | House |
| 11:13 | Build | House |
| 11:35 | Research | Double-Bit Axe |
Build order — xavido
42 actions detected in the replay
| 0:00 | Queue | Villager (Male) |
| 0:01 | Queue | Villager (Male) |
| 0:01 | Queue | Villager (Male) |
| 0:02 | Build | House |
| 0:05 | Build | House |
| 0:14 | Queue | Villager (Male) |
| 0:14 | Queue | Villager (Male) |
| 1:42 | Queue | Villager (Male) |
| 2:05 | Queue | Villager (Male) |
| 2:25 | Build | Lumber Camp |
| 2:29 | Queue | Villager (Male) |
| 3:09 | Queue | Villager (Male) |
| 3:09 | Queue | Villager (Male) |
| 3:38 | Build | House |
| 3:47 | Queue | Villager (Male) |
| 4:20 | Queue | Villager (Male) |
| 4:20 | Queue | Villager (Male) |
| 4:41 | Build | House |
| 5:00 | Research | Loom |
| 5:16 | Build | Mill |
| 5:24 | Queue | Villager (Male) |
| 5:24 | Queue | Villager (Male) |
| 5:24 | Queue | Villager (Male) |
| 6:37 | Queue | Villager (Male) |
| 7:09 | Build | Town Center |
| 8:22 | Queue | Villager (Male) |
| 8:22 | Queue | Villager (Male) |
| 8:23 | Queue | Villager (Male) |
| 8:23 | Queue | Villager (Male) |
| 8:41 | Queue | Villager (Male) |
| 9:19 | Queue | Villager (Male) |
| 9:52 | Build | House |
| 11:04 | Queue | Villager (Male) |
| 11:04 | Queue | Villager (Male) |
| 11:04 | Queue | Villager (Male) |
| 11:05 | Queue | Villager (Male) |
| 11:05 | Queue | Villager (Male) |
| 11:36 | Build | House |
| 11:46 | Queue | Villager (Male) |
| 11:46 | Queue | Villager (Male) |
| 12:50 | Queue | Villager (Male) |
| 12:50 | Queue | Villager (Male) |
Match timeline
| 9:12 | MrFena · age_up feudal |
| 12:55 | MrFena · resign |
[ AI ANALYSIS · 1 CREDIT ]
What really happened in this match?
Wolo.gg analyzes every decision: build order, eco, micro, common mistakes by bracket. Personalized analysis on WhatsApp or Discord in 30 seconds.
Civ guide
Magyars
Perfil
MrFena